 Dungeon Crawl Stone Soup version 0.20.1 (webtiles) character file.

11904 protoss039 the Thaumaturge (level 11, 0/57 HPs)
             Began as a Deep Elf Conjurer on July 2, 2017.
             Was a Believer of Vehumet.
             Slain by a yak (1 damage)
             ... on level 11 of the Dungeon.
             The game lasted 01:03:58 (12655 turns).

protoss039 the Thaumaturge (Deep Elf Conjurer)     Turns: 12655, Time: 01:03:58

Health: 0/57       AC: 10    Str:  6    XL:     11   Next: 55%
Magic:  18/29      EV:  2    Int: 30    God:    Vehumet [**....]
Gold:   524        SH:  0    Dex: 17    Spells: 19/34 levels left

rFire    + . .     SeeInvis .   f - +1 dagger (freeze)
rCold    . . .     Gourm    .   (no shield)
rNeg     + + +     Faith    .   r - +2 robe {rF+}
rPois    ∞         Spirit   .   i - +1 helmet "Soisigio" {Int+5}
rElec    .         Reflect  .   t - +0 cloak
rCorr    .         Harm     .   s - +0 pair of gloves
MR       +....     Clarity  +   (no boots)
Stlth    ++++......             (no amulet)
Regen    0.2/turn               D - ring of poison resistance
MPRegen  0.3/turn               (no ring)

@: petrified
A: icy blue scales 1, thin skeletal structure 1, clarity, clever 1, screaming 1
a: Renounce Religion


You were on level 11 of the Dungeon.
You worshipped Vehumet.
Vehumet was pleased with you.
You were not hungry.

You visited 2 branches of the dungeon, and saw 12 of its levels.

You collected 524 gold pieces.

Inventory:

Hand Weapons
 a - a +2 short sword of venom
 f - a +1 dagger of freezing (weapon)
Armour
 i - the +1 helmet "Soisigio" (worn) {Int+5}
   (You found it on level 8 of the Dungeon)

   It affects your intelligence (+5).
 m - a +1 leather armour of fire resistance
 r - a +2 robe of fire resistance (worn)
 s - a +0 pair of gloves (worn)
 t - a +0 cloak (worn)
Jewellery
 D - a ring of poison resistance (left hand)
 L - an uncursed ring of stealth
Wands
 x - a wand of flame (0/48)
 J - a wand of paralysis (13/24)
 K - a wand of digging (12/24)
Scrolls
 d - 4 scrolls of remove curse
 e - 2 scrolls of fear {unknown}
 l - 2 scrolls of immolation {unknown}
 n - a scroll of magic mapping {unknown}
 o - 2 scrolls of amnesia {unknown}
 p - 3 scrolls of teleportation {unknown}
 v - 2 scrolls of random uselessness {unknown}
 y - a scroll of enchant armour {unknown}
 B - 2 scrolls of recharging {unknown}
 E - a scroll of identify
 F - a scroll of vulnerability {unknown}
 I - a scroll of brand weapon {unknown}
Potions
 h - 3 potions of agility
 j - 2 potions of might
 q - 2 potions of ambrosia
 u - a potion of brilliance
 w - a potion of cancellation {unknown}
 z - 2 potions of heal wounds
 C - a potion of flight
 G - a potion of haste {unknown}
Books
 b - a book of Conjurations

   Spells                             Type                      Level
   a - Magic Dart                     Conjuration                  1
   b - Searing Ray                    Conjuration                  2
   c - Dazzling Spray                 Conjuration/Hexes            3
   d - Fulminant Prism                Conjuration/Hexes            4
   e - Force Lance                    Conjuration/Translocation    4
   f - Iskenderun's Mystic Blast      Conjuration                  4
Comestibles
 c - 8 bread rations
 g - 8 royal jellies
 k - 6 fruits
 H - 2 meat rations


   Skills:
 * Level 1.7 Fighting
 - Level 7.2 Dodging
 - Level 7.1 Stealth
 + Level 12.2 Spellcasting
 * Level 11.0 Conjurations
 - Level 9.2 Hexes
 * Level 8.4 Translocations


You had 19 spell levels left.
You knew the following spells:

 Your Spells              Type           Power        Failure   Level  Hunger
a - Magic Dart            Conj           ####         1%          1    None
b - Searing Ray           Conj           ######       1%          2    None
c - Iskenderun's Mystic   Conj           ######..     1%          4    None
d - Force Lance           Conj/Tloc      ######..     1%          4    None
e - Fulminant Prism       Conj/Hex       ######....   1%          4    None


Dungeon Overview and Level Annotations

Branches:
Dungeon (11/15)            Temple (1/1) D:7            Lair (0/6) D:10
    Orc (0/2) D:9

Altars:
Ashenzari
Cheibriados
Dithmenos
Elyvilon
Fedhas
Gozag
Hepliaklqana
Kikubaaqudgha
Makhleb
Nemelex Xobeh
Okawaru
Qazlal
Ru
Sif Muna
Trog
Uskayaw
Vehumet
Xom
Yredelemnul
Zin
The Shining One

Annotations:
D:2 1 exclusion
D:3 1 exclusion
D:4 1 exclusion
D:8 2 exclusions
D:10 1 exclusion
D:11 Sonja


Innate Abilities, Weirdness & Mutations

You are partially covered in icy blue scales. (AC +2)
You have a somewhat thin skeletal structure. (Dex +2, Stealth)
You possess an exceptional clarity of mind.
Your mind is acute. (Int +2)
You occasionally shout uncontrollably at your foes.


Message History

You easily resist.
The yak barely misses you. The yak gores you! The basilisk gazes at you.
The yak gores you. The yak gores you! The basilisk bites you!
The yak gores you. The yak gores you!
* * * LOW HITPOINT WARNING * * *
The basilisk bites you.
* * * LOW HITPOINT WARNING * * *
The yak gores you but does no damage. The yak gores you.
The yak gores you but does no damage. The basilisk gazes at you.
You easily resist.
The yak gores you but does no damage. The yak gores you!
* * * LOW HITPOINT WARNING * * *
The yak gores you.
* * * LOW HITPOINT WARNING * * *
The basilisk bites you.
* * * LOW HITPOINT WARNING * * *
The yak gores you.
You die...

#########
....%...#
........#
......Y.#
....?Ol@#
......YY#
.......Y+
....†.$.#
........#
........#
........#
........#


You could see a two-headed ogre, 4 yaks and a basilisk.

Vanquished Creatures
  Erolcha (D:10)
  A hydra (D:10)
  3 two-headed ogres
  Psyche (D:8)
  A centaur zombie (D:7)
  3 trolls
  2 hippogriffs
  4 hogs (D:7)
  8 yaks
  A human (D:7)
  The ghost of TheGamingCockatoo the Ruffian, an amateur DrTm (D:3)
  2 hungry ghosts (D:7)
  A steam dragon (D:10)
  Duvessa (D:6)
  4 orc warriors
  An ice beast (D:9)
  A sky beast (D:9)
  13 ogres
  A necrophage (D:7)
  3 phantoms
  A centaur (D:8)
  4 big kobolds (D:9)
  2 bullfrogs
  2 gnoll sergeants (D:9)
  Dowan (D:6)
  2 scorpions
  A water moccasin zombie (D:5)
  3 wights (D:9)
  4 howler monkeys
  A bullfrog zombie (D:5)
  4 crimson imps
  3 jellies
  3 hounds
  Crazy Yiuf (D:6)
  A gnoll shaman (D:5)
  5 orc priests
  2 orc wizards
  2 centaur skeletons
  3 iguanas
  Natasha (thrice) (D:2)
  6 worker ants
  A killer bee zombie (D:5)
  A mummy (D:9)
  A worker ant zombie (D:5)
  13 adders
  11 gnolls
  A howler monkey skeleton (D:6)
  2 shadow imps
  5 oozes
  4 adder skeletons
  4 worms
  3 dart slugs
  7 leopard geckos
  25 orcs
  A ball python (D:5)
  10 bats
  8 giant cockroaches
  9 goblins
  4 hobgoblins
  13 jackals
  8 quokkas
  6 frilled lizards
  9 kobolds
  2 leopard gecko skeletons
  A quokka skeleton (D:5)
  6 rats
  A fulminant prism (D:11)
263 creatures vanquished.

Vanquished Creatures (others)
  38 fulminant prisms
38 creatures vanquished.

Grand Total: 301 creatures vanquished

Notes
Turn   | Place    | Note
-------+----------+-------------------------------------------
     0 | D:1      | protoss039 the Deep Elf Conjurer began the quest for the Orb.
     0 | D:1      | Reached XP level 1. HP: 10/10 MP: 6/6
   202 | D:1      | Reached XP level 2. HP: 15/15 MP: 5/8
   203 | D:1      | Reached skill level 5 in Conjurations
   488 | D:1      | Learned a level 2 spell: Searing Ray
   748 | D:2      | Reached XP level 3. HP: 19/19 MP: 3/9
  1111 | D:2      | Found a faded altar of an unknown god.
  1184 | D:2      | Noticed Natasha
  1187 | D:2      | Killed Natasha
  1187 | D:2      | Reached XP level 4. HP: 18/24 MP: 4/11
  1394 | D:2      | Noticed Natasha
  1398 | D:2      | Killed Natasha
  1662 | D:2      | Learned a level 4 spell: Iskenderun's Mystic Blast
  1917 | D:3      | Reached skill level 4 in Spellcasting
  1917 | D:3      | Reached XP level 5. HP: 28/28 MP: 7/13
  2201 | D:2      | Noticed Natasha
  2203 | D:2      | Killed Natasha
  2249 | D:3      | Noticed an ogre
  2489 | D:3      | Noticed TheGamingCockatoo's ghost (amateur DrTm)
  2512 | D:3      | HP: 1/42 [TheGamingCockatoo's ghost (4)]
  2514 | D:3      | Gained mutation: You do not regenerate when monsters are visible. [potion of mutation]
  2514 | D:3      | Gained mutation: Your system is resistant to poisons. (rPois) [potion of mutation]
  2514 | D:3      | Lost mutation: You do not regenerate when monsters are visible. [potion of mutation]
  2514 | D:3      | Gained mutation: You possess an exceptional clarity of mind. [potion of mutation]
  2517 | D:3      | Killed TheGamingCockatoo's ghost
  2517 | D:3      | Reached skill level 5 in Spellcasting
  2517 | D:3      | Reached XP level 6. HP: 2/32 MP: 7/15
  2882 | D:3      | Learned a level 4 spell: Force Lance
  3955 | D:4      | Reached skill level 1 in Translocations
  3955 | D:4      | Reached XP level 7. HP: 36/36 MP: 8/17
  4044 | D:4      | Reached skill level 6 in Spellcasting
  4050 | D:4      | Learned a level 4 spell: Fulminant Prism
  4761 | D:4      | Found a stormy altar of Qazlal.
  4944 | D:4      | Found a blossoming altar of Fedhas.
  5166 | D:5      | Entered Level 5 of the Dungeon
  5470 | D:5      | Reached XP level 8. HP: 41/41 MP: 15/19
  6470 | D:6      | Reached skill level 7 in Spellcasting
  6470 | D:6      | Reached skill level 1 in Hexes
  6503 | D:6      | Reached skill level 5 in Dodging
  6768 | D:6      | Noticed Duvessa
  6772 | D:6      | Noticed Dowan
  6779 | D:6      | Killed Duvessa
  6780 | D:6      | Killed Dowan
  7205 | D:6      | Found a glowing silver altar of Zin.
  7286 | D:6      | Found a runed door.
  7336 | D:6      | Noticed Crazy Yiuf
  7340 | D:6      | Killed Crazy Yiuf
  7424 | D:7      | Noticed a hippogriff
  7430 | D:7      | Killed a hippogriff
  7430 | D:7      | Reached XP level 9. HP: 38/45 MP: 6/22
  7650 | D:7      | Found a sparkling altar of Nemelex Xobeh.
  7678 | D:7      | Reached skill level 5 in Hexes
  7789 | D:7      | Found a staircase to the Ecumenical Temple.
  7804 | Temple   | Entered the Ecumenical Temple
  7841 | Temple   | Became a worshipper of Vehumet
  8007 | D:7      | Reached skill level 8 in Spellcasting
  8562 | D:7      | Reached skill level 10 in Conjurations
  8563 | D:7      | Reached skill level 5 in Translocations
  8852 | D:8      | Noticed Psyche
  8858 | D:8      | Killed Psyche
  8858 | D:8      | Reached XP level 10. HP: 45/50 MP: 3/24
  9634 | D:8      | Got an ancient helmet
  9640 | D:8      | Identified the +1 helmet "Soisigio" {Int+5} (You found it on level 8 of the Dungeon)
  9883 | D:9      | Reached skill level 9 in Spellcasting
 10150 | D:9      | Reached * piety under Vehumet
 10150 | D:9      | Offered knowledge of Flame Tongue by Vehumet.
 10151 | D:9      | Noticed a two-headed ogre
 10401 | D:9      | Noticed a two-headed ogre
 10551 | D:9      | Killed a two-headed ogre
 10551 | D:9      | Reached skill level 5 in Stealth
 10551 | D:9      | Reached skill level 10 in Spellcasting
 10671 | D:9      | Found a staircase to the Orcish Mines.
 10997 | D:9      | Killed a two-headed ogre
 10997 | D:9      | Reached skill level 11 in Spellcasting
 11049 | D:9      | Found a snail-covered altar of Cheibriados.
 11160 | D:10     | Entered Level 10 of the Dungeon
 11165 | D:10     | Reached XP level 11. HP: 53/54 MP: 18/28
 11384 | D:10     | Noticed a four-headed hydra
 11391 | D:10     | Killed a four-headed hydra
 11481 | D:10     | Found a staircase to the Lair.
 11512 | D:10     | Lost mutation: Your system is resistant to poisons. (rPois) [potion of mutation]
 11512 | D:10     | Gained mutation: You occasionally shout uncontrollably at your foes. [potion of mutation]
 11512 | D:10     | Gained mutation: Your mind is acute. (Int +2) [potion of mutation]
 11512 | D:10     | Gained mutation: You are partially covered in icy blue scales. (AC +2) [potion of mutation]
 11512 | D:10     | Gained mutation: You have a somewhat thin skeletal structure. (Dex +2, Stealth) [potion of mutation]
 11730 | D:10     | Reached ** piety under Vehumet
 11730 | D:10     | Offered knowledge of Shock by Vehumet.
 11914 | D:10     | Noticed Erolcha
 11930 | D:10     | Killed Erolcha
 11930 | D:10     | Reached skill level 12 in Spellcasting
 12226 | D:10     | Noticed a two-headed ogre
 12232 | D:10     | Killed a two-headed ogre
 12232 | D:10     | Reached skill level 1 in Fighting
 12594 | D:11     | Noticed Sonja
 12647 | D:11     | Noticed a two-headed ogre
 12654 | D:11     | HP: 1/57 [basilisk (2)]
 12655 | D:11     | Slain by a yak

Skill      XL: |  1  2  3  4  5  6  7  8  9 10 11 |
---------------+----------------------------------+-----
Conjurations   | 5 6 7 8 9 10 11 | 11.0
Stealth        | 3 4 6 7 |  7.1
Spellcasting   | 4 5 6 7 8 11 12 | 12.2
Dodging        | 3 4 5 7 |  7.2
Translocations | 1 3 4 5 7 8 |  8.4
Hexes          | 4 6 8 9 |  9.2
Fighting       | 1 |  1.7

Action                   |  1- 3 |  4- 6 |  7- 9 | 10-12 || total
-------------------------+-------+-------+-------+-------++-------
Melee: Unarmed           |     2 |       |       |       ||     2
       Dagger            |     8 |    47 |    12 |       ||    67
       Short sword       |     7 |       |     1 |     2 ||    10
 Cast: Magic Dart        |    56 |   127 |   168 |   100 ||   451
       Searing Ray       |     2 |     6 |    27 |    30 ||    65
       Force Lance       |       |     4 |    13 |    33 ||    50
       Iskenderun's Myst |       |     2 |     3 |     2 ||     7
       Fulminant Prism   |       |       |    15 |    24 ||    39
Evoke: Wand              |       |       |       |     6 ||     6
  Use: Potion            |       |     5 |       |     1 ||     6
       Scroll            |       |       |     5 |     4 ||     9
  Eat: Chunk             |       |     8 |    12 |     7 ||    27
       Royal jelly       |       |     1 |       |       ||     1
       Meat ration       |       |       |     1 |     1 ||     2
Armor: Robe              |     3 |    11 |     7 |    13 ||    34
       Skin              |       |    14 |       |       ||    14
Dodge: Dodged            |    12 |    47 |    53 |    74 ||   186
